 Dungeon Crawl Stone Soup version 0.31.0-10-gcf4a605ca0 (webtiles) character file.

Game seed: 11195440261279619342

1674197 inmateoo the Conqueror (level 26, 292/292 HPs)
             Began as a Hill Orc Brigand on Jan 25, 2024.
             Was the Champion of Beogh.
             Escaped with the Orb
             ... and 3 runes!
             The game lasted 01:34:27 (66541 turns).

inmateoo the Conqueror (Hill Orc Brigand)          Turns: 66541, Time: 01:34:28

Health: 292/292    AC: 39    Str: 35    XL:     26   Next: 89%
Magic:  30/32      EV: 30    Int:  3    God:    Beogh [******]
Gold:   7095       SH: 16    Dex: 26    Spells: 25/25 levels left

rFire   + . .        Y - +10 broad axe of Youthful Indiscretion {chaos, rPois Int-4 Dex+4 SInv}
rCold   . . .        K - +1 kite shield {rF+}
rNeg    + + +        Z - +9 plate armour of Qaemouthru {^Contam rPois Will+}
rPois   +            n - +1 helmet {SInv}
rElec   +            X - +2 cloak {rCorr}
rCorr   +            d - +2 pair of gloves {Str+3}
SInv    +            Q - +1 pair of boots
Will    ++...        S - dreamshard necklace {Acrobat *Dream} Stlth
                     w - ring of Nemelex Xobeh's Hope {rElec Dex+6}
HPRegen 0.68/turn    r - ring "Tazedug" {rN+++ EV+5 Str+7 Int-3}
MPRegen 0.23/turn

%: acrobat
@: mighty, hasted, studying Throwing, very quick
A: walk on water, agile 1, poison resistance, robust 1, MP-powered wands
0: Orb of Zot
}: 3/15 runes: decaying, serpentine, silver
a: Renounce Religion, Smiting, Recall Orcish Followers, Give Item to Named
Follower, Resurrection


You escaped.
You worshipped Beogh.
Beogh was exalted by your worship.
You visited 9 branches of the dungeon, and saw 47 of its levels.
You also visited: Volcano and Desolation.

You collected 10358 gold pieces.
You spent 3263 gold pieces at shops.

Inventory:

Hand Weapons
 V - a +9 heavy broad axe
 Y - the +10 broad axe of Youthful Indiscretion (weapon) {chaos, rPois Int-4 Dex+4 SInv}
   (You subdued it on level 1 of the Snake Pit)

   Int-4:     It affects your intelligence (-4).
   Dex+4:     It affects your dexterity (+4).
   rPois:     It protects you from poison SInv: It lets you see invisible.
Missiles
 q - 2 throwing nets
Armour
 d - a +2 pair of gloves of strength (worn)
 n - a +1 helmet of see invisible (worn)
 K - a +1 kite shield of fire resistance (worn)
 Q - a +1 pair of boots (worn)
 X - a +2 cloak of preservation (worn)
 Z - the +9 plate armour of Qaemouthru (worn) {^Contam rPois Will+}
   (You bought it in a shop on level 2 of the Orcish Mines)

   rPois:     It protects you from poison Will+: It increases your willpower.
   ^Contam:   It causes magical contamination when unequipped.
Jewellery
 e - the ring of Limitation {rPois rN+ SInv}
   (You found it in the Desolation of Salt)

   [ring of poison resistance]

   rPois:     It protects you from poison rN+: It protects you from negative
   energy.
   SInv:      It lets you see invisible.
 j - a ring of protection from fire
 r - the ring "Tazedug" (right hand) {rN+++ EV+5 Str+7 Int-3}
   (You took it off a draconian annihilator on level 3 of the Realm of Zot)

   [ring of evasion]

   EV+5:      It affects your evasion (+5).
   Str+7:     It affects your strength (+7).
   Int-3:     It affects your intelligence (-3).
   rN+++:     It renders you almost immune to negative energy.
 w - the ring of Nemelex Xobeh's Hope (left hand) {rElec Dex+6}
   (You bought it in a shop on level 1 of the Snake Pit)

   [ring of dexterity]

   Dex+6:     It affects your dexterity (+6).
   rElec:     It insulates you from electricity.
 B - an amulet of regeneration
 S - the dreamshard necklace (around neck) {Acrobat *Dream}
   (You took it off an ironbound convoker on level 5 of the Vaults)

   [amulet of the acrobat]

   *Dream:    It absorbs a single lethal wound into itself, holding its wearer
   just short of death and releasing dream-creatures to guard them.
   Acrobat:   It increases your evasion while moving and waiting.
 T - a ring of willpower
Talismans
 s - the granite talisman of the Eight Boll Weevils {rC+ Int+4}
   (You found it on level 1 of the Swamp)

   [granite talisman]

   Int+4:     It affects your intelligence (+4).
   rC+:       It protects you from cold.
Wands
 c - a wand of polymorph (29)
 o - a wand of charming (15)
 v - a wand of mindburst (24)
 x - a wand of digging (11)
 C - a wand of acid (38)
 F - a wand of roots (36)
Scrolls
 a - 4 scrolls of vulnerability
 h - 12 scrolls of teleportation
 i - 2 scrolls of revelation
 y - 2 scrolls of fear
 z - 4 scrolls of brand weapon
 A - 3 scrolls of fog
 I - 44 scrolls of identify
 L - 4 scrolls of blinking
 M - 2 scrolls of butterflies
 N - a scroll of silence
 R - a scroll of enchant weapon
 U - 2 scrolls of immolation
Potions
 f - 6 potions of mutation
 g - 2 potions of resistance
 k - 17 potions of curing
 l - 2 potions of haste
 p - 2 potions of ambrosia
 t - 4 potions of cancellation
 u - 4 potions of might
 D - 4 potions of lignification
 E - 2 potions of berserk rage
 G - a potion of magic
 H - 6 potions of heal wounds
 J - 2 potions of brilliance
 O - 4 potions of enlightenment
 W - 2 potions of attraction
Miscellaneous
 b - a condenser vane
 m - a phantom mirror
 P - a box of beasts


   Skills:
 O Level 27 Fighting
 - Level 2.0 Short Blades
 O Level 27 Axes
 - Level 1.7 Throwing
 - Level 16.0 Armour
 + Level 20.7 Dodging
 - Level 3.2 Stealth
 - Level 14.0 Shields
 - Level 12.0 Invocations
 - Level 5.0 Evocations
 - Level 11.0 Shapeshifting


You had 25 spell levels left.
You didn't know any spells.
Your spell library contained the following spells:

 Spells                   Type           Power      Damage    Failure   Level
 Apportation              Tloc           0%         N/A       98%         1
 Foxfire                  Conj/Fire      0%         2x1d4     98%         1
 Freeze                   Ice            0%         1d3       98%         1
 Kiss of Death            Conj/Necr      0%         2d5       98%         1
 Magic Dart               Conj           0%         1d3       98%         1
 Necrotise                Necr           0%         1d4       98%         1
 Shock                    Conj/Air       0%         1d3       98%         1
 Slow                     Hex            0%         N/A       98%         1
 Sting                    Conj/Alch      0%         1d3       98%         1
 Summon Small Mammal      Summ           0%         N/A       98%         1
 Blink                    Tloc           0%         N/A       99%         2
 Call Imp                 Summ           0%         N/A       99%         2
 Cigotuvi's Dreadful Rot  Necr/Alch/Air  0%         N/A       99%         2
 Ensorcelled Hibernation  Hex/Ice        0%         N/A       99%         2
 Jinxbite                 Hex            0%         N/A       99%         2
 Lesser Beckoning         Tloc           0%         N/A       99%         2
 Mercury Vapours          Alch/Air       0%         N/A       99%         2
 Momentum Strike          Conj/Tloc      0%         3d8       99%         2
 Searing Ray              Conj           0%         2d4       99%         2
 Static Discharge         Conj/Air       0%         3-3/arc   99%         2
 Sublimation of Blood     Necr           0%         N/A       99%         2
 Call Canine Familiar     Summ           0%         N/A       100%        3
 Dazzling Flash           Conj/Hex       0%         N/A       100%        3
 Frozen Ramparts          Ice            0%         1d1       100%        3
 Fugue of the Fallen      Necr           0%         N/A       100%        3
 Gell's Gravitas          Tloc           0%         N/A       100%        3
 Hailstorm                Conj/Ice       0%         3d5       100%        3
 Inner Flame              Hex/Fire       0%         N/A       100%        3
 Mephitic Cloud           Conj/Alch/Air  0%         N/A       100%        3
 Sigil of Binding         Hex            0%         N/A       100%        3
 Stone Arrow              Conj/Erth      0%         3d7       100%        3
 Summon Ice Beast         Ice/Summ       0%         N/A       100%        3
 Swiftness                Air            0%         N/A       100%        3
 Tukima's Dance           Hex            0%         N/A       100%        3
 Vampiric Draining        Necr           0%         2d6       100%        3
 Volatile Blastmotes      Fire/Tloc      0%         2d10      100%        3
 Airstrike                Air            0%         2d(0-16)  100%        4
 Anguish                  Hex/Necr       0%         N/A       100%        4
 Animate Armour           Summ/Erth      0%         N/A       100%        4
 Animate Dead             Necr           0%         N/A       100%        4
 Cause Fear               Hex            0%         N/A       100%        4
 Dimensional Bullseye     Hex/Tloc       0%         N/A       100%        4
 Flame Wave               Conj/Fire      0%         2d4       100%        4
 Fulminant Prism          Conj/Alch      0%         3d5       100%        4
 Ignite Poison            Fire/Alch      0%         N/A       100%        4
 Iskenderun's Mystic Bla  Conj/Tloc      0%         2d3       100%        4
 Leda's Liquefaction      Alch/Erth      0%         N/A       100%        4
 Martyr's Knell           Necr/Summ      0%         N/A       100%        4
 Olgreb's Toxic Radiance  Alch           0%         N/A       100%        4
 Passage of Golubria      Tloc           0%         N/A       100%        4
 Petrify                  Alch/Erth      0%         N/A       100%        4
 Sticky Flame             Fire/Alch      0%         2d4       100%        4
 Summon Blazeheart Golem  Fire/Summ      0%         N/A       100%        4
 Summon Lightning Spire   Summ/Air       0%         N/A       100%        4
 Alistair's Intoxication  Alch           0%         N/A       100%        5
 Borgnjor's Vile Clutch   Necr/Erth      0%         N/A       100%        5
 Curse of Agony           Necr           0%         N/A       100%        5
 Freezing Cloud           Conj/Ice/Air   0%         6-21      100%        5
 Irradiate                Conj/Alch      0%         3d11      100%        5
 Iskenderun's Battlesphe  Conj           0%         2d6       100%        5
 Lee's Rapid Deconstruct  Erth           0%         3d4*      100%        5
 Metabolic Englaciation   Hex/Ice        0%         N/A       100%        5
 Silence                  Hex/Air        0%         N/A       100%        5
 Summon Mana Viper        Hex/Summ       0%         N/A       100%        5
 Yara's Violent Unravell  Hex/Alch       0%         3d3       100%        5
 Bombard                  Conj/Erth      0%         9d1       100%        6
 Death Channel            Necr           0%         N/A       100%        6
 Plasma Beam              Fire/Air       0%         2x1d10    100%        6
 Sculpt Simulacrum        Ice/Alch       0%         N/A       100%        6
 Starburst                Conj/Fire      0%         6d3       100%        6
 Summon Cactus Giant      Summ           0%         N/A       100%        6
 Enfeeble                 Hex            0%         N/A       100%        7
 Haunt                    Necr/Summ      0%         N/A       100%        7
 Malign Gateway           Summ/Tloc      0%         N/A       100%        7
 Monstrous Menagerie      Summ           0%         N/A       100%        7
 Orb of Destruction       Conj           0%         9d5       100%        7
 Spellforged Servitor     Conj/Summ      0%         N/A       100%        7
 Summon Hydra             Summ           0%         N/A       100%        7
 Borgnjor's Revivificati  Necr           0%         N/A       100%        8
 Discord                  Hex            0%         N/A       100%        8
 Ignition                 Fire           0%         3d3       100%        8
 Infestation              Necr           0%         N/A       100%        8
 Lehudib's Crystal Spear  Conj/Erth      0%         10d2      100%        8
 Death's Door             Necr           0%         N/A       100%        9
 Dragon's Call            Summ           0%         N/A       100%        9


Dungeon Overview and Level Annotations

Branches:
Dungeon (15/15)            Temple (0/1) D:4            Lair (5/5) D:8
  Swamp (4/4) Lair:2        Snake (4/4) Lair:3        Slime (0/5) Lair:4
    Orc (2/2) D:10            Elf (3/3) Orc:2        Vaults (5/5) D:14
  Crypt (0/3) Vaults:3     Depths (4/4) D:15            Zot (5/5) Depths:4
Volcano (visited)         Desolation (visited)

Altars:
Ashenzari
Elyvilon
Kikubaaqudgha
Makhleb
Sif Muna
Uskayaw
Vehumet
Xom
Yredelemnul
Zin
Beogh
Ignis

Shops:
D:2 !   D:4 *(   D:8 (   D:9 !   Orc:1 [   Orc:2 ([*:   Elf:1 ?=   Snake:1 ==:[
Snake:4 ?

Portals:
Hell: Depths:1 Depths:2 Depths:3 Depths:4
Abyss: Depths:2 Depths:3
Pandemonium: Depths:1 Depths:2
Ziggurat: Depths:3

Annotations:
D:13 3 runed translucent doors, Dittersdorf's ghost, journeyman MiBe; Mebb's ghost, journeyman SpEn; Zuneoj's ghost, journeyman TrCK
Elf:3 exclusion: 3 doors
Depths:1 1 runed translucent door, exclusion: orange crystal statue
Depths:2 Saint Roka
Depths:3 Mara


Innate Abilities, Weirdness & Mutations

You can walk on water.
You are agile. (Dex +4, Str/Int -1)
Your system is resistant to poisons. (rPois)
You are robust. (+10% HP)
You expend magic power (3 MP) to strengthen your wands.


Message History

You slice the cacodemon!! You freeze the cacodemon.
The cacodemon is moderately wounded.
You barely miss the orange demon. You slash the sixfirhy!
The sixfirhy is poisoned.
You block the sixfirhy's attack. x2
The cacodemon misses you. You block the cacodemon's attack.
The orange demon stings you but does no damage.
The orange demon completely misses you. The sixfirhy completely misses you.
You barely miss the cacodemon.
The cacodemon is moderately wounded.
You slice the orange demon!! You slash the sixfirhy!
The sixfirhy blinks!
You cut the cacodemon into ribbons!!! You freeze the cacodemon.
The cacodemon is severely wounded.
You slice the orange demon!!
Lightning courses through the orange demon!
You kill the orange demon!
Beogh accepts your kill. You block the sixfirhy's attack.
You block the cacodemon's attack. The cacodemon barely misses you.
You closely miss the cacodemon.
The cacodemon is severely wounded.
You miss the sixfirhy. You carve the cacodemon like a ham!!!
You kill the cacodemon!
Beogh accepts your kill.
You barely miss the sixfirhy. You miss the sixfirhy.
The sixfirhy is heavily wounded.
You slice the sixfirhy!!
The sixfirhy looks as sick as possible!
The sixfirhy is almost dead.
You kill the sixfirhy!
Beogh accepts your kill.
There is an open door here.
There is an open door here.
Aiming: Dig
Press: ? - help, Shift-Dir - straight line A rock wall.
This square is covered in magical glow.
You feel a surge of power!
The rock shatters into small pieces.
There is a staircase leading out of the dungeon here.
You have escaped!

...##..#####.#.##.#.........# #
.......#............#.#####.# #
#'#.####.#........#.#######.# #
#.#........###.##.#.........# #
#.######.#.# #.##.############
#......#.#.# #.#⌠≈≈≈≈.⌠.....⌠#
#####.##.#.###.#≈≈≈≈.........# #
###..#.#.#...#≈≈≈..........# #
#....#...#.###@..##...##..>#### #
#.#..#.#.....#...##...##...#...
###..........###.............#.##
.......#.#.#.# #######'#######.#
####...#.#.#.# #..######.#
.......#.#.#.# ##........#
####.#.#.#.#.# ########.#
.....#.#.#.#.# #.# .......#.#...#
#.#


There were no monsters in sight!

Vanquished Creatures
  4 dread liches
  5 ancient liches (Zot:5)
  6 orbs of fire
  A juggernaut (Depths:2)
  Xtahua (Vaults:5)
  Bai Suzhen (Swamp:3)
  3 Killer Klowns
  2 curse toes
  A caustic shrike (Depths:2)
  9 golden dragons
  5 electric golems
  A Tzitzimitl (Zot:5)
  5 titans
  5 quicksilver dragons
  26 Orb Guardians
  A walking divine tome (Depths:2)
  A lich (Depths:3)
  A walking earthen tome (Depths:4)
  17 tentacled monstrosities
  A deep elf blademaster (Elf:2)
  6 sphinxes
  An Executioner (D:10)
  10 death cobs
  Frances (Swamp:1)
  4 tengu reavers
  14 storm dragons
  5 shadow dragons
  11 draconian knights
  2 thorn hunters
  2 protean progenitors (Zot:1)
  3 nagarajas
  5 frost giants
  10 draconian monks
  5 draconian shifters
  6 fire giants
  2 imperial myrmidons
  A fenstrider witch (Swamp:4)
  6 draconian scorchers
  Louise (Elf:2)
  5 spectral caustic shrikes (Depths:3)
  12 vault wardens
  3 deep elf sorcerers
  2 ghost moths
  An orc warlord (Vaults:3)
  A reaper (Depths:3)
  A ghoul (Swamp:2)
  13 ironbound preservers
  A spriggan defender (Depths:2)
  6 stone giants
  13 draconian annihilators
  6 draconian stormcallers
  A cacodemon (D:1)
  A formless jellyfish (Vaults:3)
  12 green draconians
  A vampire knight (Depths:4)
  An ironbound thunderhulk (Vaults:4)
  3 dire elephants
  5 very ugly things
  3 deep elf death magi
  3 deep elf demonologists
  4 eleionomae
  11 black draconians
  5 spark wasps
  12 white draconians
  2 deep elf annihilators (Vaults:5)
  15 red draconians
  4 bunyips
  10 purple draconians
  14 yellow draconians
  A war gargoyle (Vaults:5)
  3 orc sorcerers
  9 ettins
  3 crystal guardians
  2 fire dragons
  An entropy weaver (Vaults:1)
  9 yaktaur captains
  3 great orbs of eyes
  10 ragged hierophants (Desolation)
  A salamander tyrant (Snake:4)
  7 servants of whispers (Desolation)
  A shambling mangrove (Swamp:4)
  11 hydras
  A deep elf high priest (Vaults:4)
  4 ice dragons
  A rakshasa (Depths:2)
  7 peacekeepers (Desolation)
  6 centaur warriors (Vaults:1)
  3 boulder beetles
  2 spriggan air magi (Depths:4)
  29 vault guards
  6 alligators
  6 two-headed ogres
  An ogre mage (D:15)
  2 ghost crabs
  5 ironbound frosthearts
  6 anacondas
  A catoblepas (Lair:3)
  A two-headed ogre (shapeshifter) (Elf:3)
  25 dancing weapons
  2 death knights (Vaults:3)
  6 deep troll shamans
  An occultist (Depths:3)
  A death yak (Zot:3)
  9 deep troll earth magi
  8 naga warriors
  3 spriggan berserkers
  An orc high priest (Orc:2)
  2 shock serpents (Snake:4)
  5 hell knights
  4 naga sharpshooters
  A skyshark (Lair:5)
  A fire crab (Volcano)
  17 deep elf knights
  A sixfirhy (D:1)
  4 iron trolls
  A bunyip zombie (Swamp:4)
  3 goliath frogs
  2 salamander mystics
  10 swamp dragons
  A skeletal warrior (D:13)
  2 death drakes
  A mana viper (shapeshifter) (Vaults:5)
  4 arcanists
  2 flayed ghosts
  23 deep trolls
  4 deep elf archers (Elf:1)
  6 mana vipers
  5 lindwurms
  4 bog bodies
  5 bunyip skeletons (Swamp:4)
  A glowing orange brain (Depths:1)
  5 spriggan druids
  2 naga ritualists
  14 deep elf zephyrmancers
  A harpy (Vaults:3)
  2 phantasmal warriors (Vaults:5)
  19 ironbound convokers
  2 orc knights
  23 deep elf pyromancers
  5 salamanders (Snake:3)
  7 ugly things
  4 manticores
  29 moths of wrath
  3 will-o-the-wisps
  2 cyclopes
  A moth of wrath (shapeshifter) (Depths:1)
  21 black mambas
  10 guardian serpents
  A smoke demon (Depths:2)
  6 naga magi
  A torpor snail (Depths:4)
  7 vault sentinels
  10 cane toads
  An orange demon (D:1)
  A black mamba (shapeshifter) (Vaults:5)
  2 gargoyles
  4 molten gargoyles (Desolation)
  A hellion (Depths:1)
  5 rime drakes
  3 komodo dragons
  A freezing wraith (Vaults:3)
  24 yaktaurs
  5 trolls
  55 saltlings
  13 hornets
  A merfolk (shapeshifter) (Vaults:5)
  3 polar bears
  A meliai zombie (D:13)
  15 tyrant leeches
  4 blink frogs (Lair:5)
  A glass eye (Depths:2)
  A dream sheep (Lair:3)
  21 slime creatures
  7 air elementals
  24 spriggans
  2 wraiths
  32 yaks
  A shadow (D:10)
  5 water elementals
  A wyvern (Lair:3)
  5 fire bats (Volcano)
  4 fire elementals
  A basilisk (Lair:3)
  3 steam dragons
  3 wargs
  2 vampire mosquitoes (D:13)
  A redback (Vaults:1)
  A redback (shapeshifter) (Depths:3)
  8 swamp worms
  15 nagas
  7 water moccasins
  A hell hound (Volcano)
  12 swamp drakes
  8 ice beasts
  8 orc warriors
  A black bear (D:5)
  A spriggan simulacrum (Swamp:4)
  2 sky beasts
  2 ogres
  3 boggarts
  9 wolves
  3 centaurs
  A phantom (D:5)
  5 bullfrogs
  2 necrophages (Swamp:2)
  2 scorpions
  2 earth elementals
  21 wights
  5 killer bees
  5 electric eels
  2 howler monkeys
  A bombardier beetle (D:5)
  A crimson imp (D:7)
  A hound (D:6)
  7 orc priests
  Crazy Yiuf (D:7)
  3 jellies (D:6)
  A gnoll bouda (D:6)
  9 iguanas
  A sleepcap (D:4)
  8 hell rats (Lair:3)
  8 orc wizards
  7 gnolls
  7 adders
  9 river rats (Lair:3)
  A shadow imp (D:8)
  2 ufetubi (D:7)
  2 dart slugs
  3 ribbon worms
  29 orcs
  5 ball pythons
  7 endoplasms
  4 giant cockroaches
  8 goblins
  6 hobgoblins
  4 jackals
  5 kobolds
  14 quokkas
  6 bats
  5 frilled lizards
  17 rats
  A spectral weapon (Desolation)
1406 creatures vanquished.

Vanquished Creatures (collateral kills)
  A pandemonium lord (Zot:2)
  Nikola (Snake:3)
  A Tzitzimitl (Zot:2)
  A titan (Depths:1)
  3 tentacled monstrosities
  An Ice Fiend (D:14)
  A walking earthen tome (Depths:2)
  A Hell Sentinel (Depths:3)
  A walking divine tome (Depths:2)
  3 sphinxes
  The ghost of dakkaduck the Executioner, an adept MiBe of Trog (Snake:1)
  Agnes (Snake:4)
  3 tengu reavers
  14 nagarajas (Snake:4)
  Aizul (Snake:1)
  A shadow dragon (Vaults:5)
  Roxanne (Swamp:1)
  A draconian monk (Depths:4)
  A draconian shifter (Zot:4)
  3 fire giants
  2 frost giants
  A draconian scorcher (Zot:4)
  2 orc warlords
  A draconian annihilator (Zot:3)
  3 vault wardens
  A spriggan defender (Depths:2)
  A green draconian (Zot:4)
  5 stone giants
  A very ugly thing (Depths:3)
  4 ironbound preservers
  5 dire elephants
  A deep elf demonologist (Vaults:5)
  3 ironbound thunderhulks
  A vampire knight (Depths:2)
  A black draconian (Zot:5)
  A yellow draconian (Zot:1)
  A deep elf death mage (Elf:1)
  A deep elf annihilator (Vaults:2)
  A halazid warlock (Desolation)
  A white draconian (Zot:3)
  5 spark wasps
  4 ettins
  2 fire dragons
  Fannar (D:10)
  5 yaktaur captains
  2 ice dragons
  A servant of whispers (Desolation)
  Erolcha (D:11)
  3 rakshasas
  8 vault guards
  A ragged hierophant (Desolation)
  3 great orbs of eyes
  5 hydras
  A peacekeeper (Desolation)
  An ogre mage (D:14)
  2 catoblepae (Lair:5)
  3 ironbound frosthearts (Vaults:4)
  A merfolk avatar (Lair:5)
  3 spriggan air magi (Depths:2)
  3 boulder beetles
  5 centaur warriors
  2 death knights (D:14)
  2 anacondas (Snake:3)
  A deep troll earth mage (Depths:1)
  9 two-headed ogres
  8 dancing weapons
  12 naga warriors
  A tengu warrior (D:14)
  3 orc high priests
  4 naga sharpshooters (Snake:4)
  7 shock serpents
  3 spriggan berserkers
  Sonja (D:10)
  2 hell knights
  2 skysharks (Lair:5)
  A fire crab (Vaults:4)
  5 skeletal warriors
  5 salamander mystics
  A sea snake (shapeshifter) (Vaults:3)
  7 deep trolls
  A shadow demon (Zot:3)
  6 deep elf archers
  4 naga ritualists
  5 mana vipers
  2 necromancers (D:15)
  3 lindwurms
  3 harpies
  9 ironbound convokers
  4 orc knights
  12 deep elf pyromancers
  3 wolf spider zombies (D:13)
  2 phantasmal warriors
  10 deep elf zephyrmancers
  2 orc sorcerers
  4 manticores
  4 ugly things
  3 cyclopes
  6 salamanders
  A manticore (shapeshifter) (Vaults:5)
  A guardian serpent (shapeshifter) (Vaults:5)
  4 kobold blastminers (Orc:2)
  9 guardian serpents
  5 vault sentinels
  2 centaur zombies (D:13)
  10 slime creatures
  An ice statue (Snake:1)
  3 elephants
  11 naga magi
  18 black mambas
  4 gargoyles
  6 cane toads
  2 cane toads (shapeshifter)
  13 yaktaurs
  4 komodo dragons
  A rime drake (D:8)
  A komodo dragon (shapeshifter) (Vaults:5)
  A tengu conjurer (D:15)
  6 saltlings (Desolation)
  5 polar bears
  2 trolls
  A glass eye (Depths:2)
  A wolf spider simulacrum (D:15)
  4 hornets
  A blink frog (Lair:5)
  A tarantella (Elf:1)
  5 water elementals
  3 spriggans
  3 wraiths (D:14)
  A shadow (D:13)
  A wyvern (Lair:5)
  A vampire (D:12)
  A ynoxinul (Depths:1)
  A neqoxec (Zot:2)
  A warg (D:10)
  28 yaks
  2 basilisks
  A vampire mosquito (D:13)
  27 nagas
  3 swamp worms
  4 water moccasins
  An ice beast (D:8)
  9 orc warriors
  A black bear (shapeshifter) (D:15)
  A black bear (Lair:2)
  2 laughing skulls (D:14)
  3 centaurs (D:13)
  2 boggarts (Lair:2)
  9 ogres
  9 wolves
  2 earth elementals
  3 wights
  A killer bee (D:8)
  5 electric eels
  A howler monkey (D:14)
  A lava snake (Lair:1)
  6 orc priests
  4 orc wizards
  5 river rats (Lair:3)
  A white imp (D:8)
  14 orcs
  3 butterflies (Lair:1)
580 creatures vanquished.

Vanquished Creatures (others)
  Saint Roka (Depths:2)
  4 orc warlords
  A draconian scorcher (Zot:4)
  3 orc high priests
  24 orc knights
  A vault guard (Vaults:4)
  2 deep elf pyromancers (Elf:1)
  5 orc sorcerers
  A draconian zombie (Zot:3)
  A salamander (Snake:3)
  A naga mage (Snake:3)
  A white draconian zombie (Zot:5)
  An efreet (D:14)
  A moth of wrath zombie (Zot:3)
  A slime creature (Vaults:1)
  27 orc warriors
  3 nagas
  A spriggan zombie (Swamp:2)
  20 orc priests
  7 orc wizards
  47 orcs
  12 foxfires
165 creatures vanquished.

Grand Total: 2151 creatures vanquished

Notes
Turn   | Place    | Note
-------+----------+-------------------------------------------
     0 | D:1      | inmateoo the Hill Orc Brigand began the quest for the Orb.
     0 | D:1      | Reached XP level 1. HP: 18/18 MP: 1/1
   271 | D:1      | Reached skill level 1 in Axes
   285 | D:1      | Reached skill level 1 in Dodging
   285 | D:1      | Reached XP level 2. HP: 9/25 MP: 2/2
  1061 | D:2      | Reached skill level 1 in Armour
  1061 | D:2      | Reached XP level 3. HP: 28/30 MP: 3/3
  1330 | D:2      | Became a worshipper of Beogh the Brigand
  1388 | D:2      | Found Adog's Distillery.
  1401 | D:2      | Bought a potion of heal wounds for 70 gold pieces
  1957 | D:3      | Reached XP level 4. HP: 35/38 MP: 4/4
  2117 | D:3      | Reached * piety under Beogh
  2436 | D:3      | Found a faded altar of an unknown god.
  2663 | D:3      | Reached XP level 5. HP: 39/45 MP: 5/5
  3017 | D:3      | Found a shimmering blue altar of Sif Muna.
  3017 | D:3      | Found a white marble altar of Elyvilon.
  3017 | D:3      | Identified the +4 kite shield of Disaster {Int+5}
  3018 | D:3      | Found a basalt altar of Yredelemnul.
  3431 | D:3      | Found the +3 greatsling "Punk" {acid, rCorr}
  3782 | D:3      | Reached skill level 1 in Shields
  3782 | D:3      | Reached XP level 6. HP: 33/52 MP: 6/6
  3850 | D:3      | Found a hide-covered altar of Uskayaw.
  4024 | D:4      | Found Ejyseoze's Antique Weapon Shoppe.
  4398 | D:4      | Found a staircase to the Ecumenical Temple.
  4467 | D:4      | Found Hisaal's General Store.
  4479 | D:4      | Bought a scroll of identify for 26 gold pieces
  4479 | D:4      | Bought a scroll of identify for 26 gold pieces
  4670 | D:4      | Reached skill level 5 in Axes
  5006 | D:5      | Entered Level 5 of the Dungeon
  5233 | D:5      | Reached XP level 7. HP: 60/60 MP: 7/7
  5510 | D:5      | Reached ** piety under Beogh
  5578 | D:5      | Reached skill level 5 in Fighting
  5578 | D:5      | Reached XP level 8. HP: 45/68 MP: 8/8
  5786 | D:5      | Noticed a two-headed ogre
  5806 | D:5      | Killed a two-headed ogre
  6332 | D:5      | Reached XP level 9. HP: 53/75 MP: 9/9
  6495 | D:6      | Reached skill level 5 in Armour
  6791 | D:6      | Found a broken altar of Ashenzari.
  7346 | D:6      | Reached skill level 5 in Shields
  7457 | D:7      | You fall into a shaft and drop 2 floors!
  7531 | D:9      | Reached skill level 10 in Axes
  7693 | D:9      | Reached *** piety under Beogh
  7971 | D:9      | Reached XP level 10. HP: 59/81 MP: 10/10
  8211 | D:7      | Identified a scroll of acquirement
  8211 | D:7      | Acquired 863 gold pieces
  8324 | D:7      | Got Sif Muna's Octavo of the Breezy Compass
  8459 | D:7      | Found a runed translucent door.
  8460 | D:7      | Noticed Crazy Yiuf
  8662 | D:7      | Reached skill level 5 in Dodging
  8786 | D:7      | Identified the +2 robe of the Gloaming {+Inv}
  9121 | D:7      | Found a burning altar of Makhleb.
  9262 | D:7      | Killed Crazy Yiuf
  9493 | D:8      | Found a staircase to the Lair.
  9592 | D:8      | Reached **** piety under Beogh
  9599 | D:8      | Found a shimmering altar of Xom.
  9599 | D:8      | Found a radiant altar of Vehumet.
  9792 | D:8      | Gained Bogric as an ally
  9803 | D:8      | Reached XP level 11. HP: 86/95 MP: 11/11
  9952 | D:8      | Found Xyaproud's Antique Weapon Boutique.
 10343 | D:9      | Found Ruppes's Distillery.
 10351 | D:9      | Bought a potion of might for 64 gold pieces
 10351 | D:9      | Bought a potion of degeneration for 16 gold pieces
 10351 | D:9      | Bought a potion of curing for 48 gold pieces
 10351 | D:9      | Bought a potion of magic for 128 gold pieces
 10613 | D:10     | Entered Level 10 of the Dungeon
 10971 | D:10     | Noticed Fannar
 10986 | D:10     | Killed Fannar
 11261 | D:10     | Noticed Sonja
 11271 | D:10     | Killed Sonja
 11680 | D:10     | Found a staircase to the Orcish Mines.
 12324 | D:11     | Noticed a cyclops
 12328 | D:11     | Killed a cyclops
 12471 | D:11     | Noticed a two-headed ogre
 12484 | D:11     | Killed a two-headed ogre
 12612 | D:11     | Noticed a two-headed ogre
 12619 | D:11     | Killed a two-headed ogre
 12635 | D:11     | Noticed a manticore
 12642 | D:11     | Killed a manticore
 12643 | D:11     | Reached XP level 12. HP: 83/106 MP: 12/12
 12714 | D:11     | Noticed a boulder beetle
 12718 | D:11     | Noticed Erolcha
 12734 | D:11     | Killed a boulder beetle
 12742 | D:11     | Killed Erolcha
 12937 | D:11     | Your ally Bogric died
 13082 | D:12     | Reached skill level 10 in Fighting
 13420 | D:12     | Reached ***** piety under Beogh
 13502 | D:12     | Gained Ogrik as an ally
 14346 | D:13     | Noticed a centaur warrior
 14366 | D:13     | Killed a centaur warrior
 14367 | D:13     | Reached skill level 15 in Axes
 14473 | D:13     | Noticed a centaur warrior
 14474 | D:13     | Noticed a boulder beetle
 14485 | D:13     | Killed a centaur warrior
 14487 | D:13     | Killed a boulder beetle
 14605 | D:13     | Your ally Ogrik died
 14881 | D:13     | Got the Book of the Bright Sphinx
 15008 | D:13     | Gained Wargrak as an ally
 15324 | D:13     | Noticed a two-headed ogre
 15333 | D:13     | Killed a two-headed ogre
 15739 | D:13     | Noticed Nessos
 15741 | D:13     | Nessos changed into Nessos the elephant
 15741 | D:13     | Noticed Nessos
 15743 | D:13     | Found a runed translucent gate.
 15743 | D:13     | Found a runed translucent gate.
 15743 | D:13     | Found a runed translucent gate.
 15743 | D:13     | Noticed Dittersdorf's ghost (journeyman MiBe)
 15743 | D:13     | Noticed Zuneoj's ghost (journeyman TrCK)
 15745 | D:13     | Noticed Dittersdorf's ghost (journeyman MiBe)
 15747 | D:13     | Killed Nessos the elephant
 15748 | D:13     | Reached XP level 13. HP: 98/115 MP: 13/13
 15748 | D:13     | Noticed Mebb's ghost (journeyman SpEn)
 16106 | D:14     | Noticed a vault guard
 16109 | D:14     | Found a gate to the Vaults.
 16111 | D:14     | Killed a vault guard
 16162 | D:14     | Reached skill level 10 in Armour
 16460 | Lair:1   | Entered Level 1 of the Lair of Beasts
 16552 | Lair:1   | Reached skill level 1 in Invocations
 18597 | Lair:2   | Found a staircase to the Swamp.
 18922 | Lair:3   | Identified the amulet "Xauxifaz" {Spirit Int+3}
 19354 | Lair:3   | Found a staircase to the Snake Pit.
 19555 | Lair:3   | Reached skill level 10 in Shields
 19571 | Lair:3   | Reached ****** piety under Beogh
 20432 | Lair:4   | Found a staircase to the Slime Pits.
 20501 | Lair:5   | Entered Level 5 of the Lair of Beasts
 20580 | Lair:5   | Reached XP level 14. HP: 64/125 MP: 6/17
 20915 | Lair:5   | Reached skill level 5 in Invocations
 22023 | D:14     | Paralysed by an ogre mage for 5 turns
 22028 | D:14     | Reached skill level 1 in Evocations
 22028 | D:14     | HP: 5/127 [ogre mage/+0 flail (8)]
 22883 | D:14     | Identified the +0 robe "Mynei" {Str+3}
 22928 | D:14     | Identified the +7 chain mail of the Minstrel {Harm Str-4
                  | Dex+4}
 23227 | D:15     | Entered Level 15 of the Dungeon
 24944 | D:15     | Reached XP level 15. HP: 129/134 MP: 20/20
 24997 | D:15     | Identified the +0 leather armour of Fedhas's Displeasure
                  | {rF+}
 25128 | D:15     | Identified the +4 hand axe of Ru's Castigation {pain, rN+
                  | Int+4 Stlth-}
 25155 | D:15     | Found a staircase to the Depths.
 25437 | Orc:1    | Entered Level 1 of the Orcish Mines
 25503 | Orc:1    | Found Ybbol's Armour Shop.
 25513 | Orc:1    | Bought a +0 cloak of preservation for 138 gold pieces
 25635 | Orc:1    | Found a dark tunnel.
 25646 | Volcano  | Entered a volcano
 26138 | Orc:2    | Entered Level 2 of the Orcish Mines
 26139 | Orc:2    | Found Urisuel's Antique Weapon Boutique.
 26213 | Orc:2    | Bought a faintly glowing trident for 246 gold pieces
 26213 | Orc:2    | Identified the +8 trident of Light {heavy, Will+} (You
                  | bought it in a shop on level 2 of the Orcish Mines)
 26332 | Orc:2    | Found Pyxkel's Antique Armour Shoppe.
 26348 | Orc:2    | Found a staircase to the Elven Halls.
 26371 | Orc:2    | Noticed an orc warlord
 26393 | Orc:2    | Killed an orc warlord
 26459 | Orc:2    | Found Ceist's Book Emporium.
 26562 | Orc:2    | Found Goippizaca's General Store.
 26570 | Orc:2    | Bought the +9 plate armour of Qaemouthru {^Contam rPois
                  | Will+} for 1029 gold pieces
 26678 | Orc:1    | Found a roughly hewn altar of Beogh.
 26769 | Orc:1    | Noticed an orc warlord
 26776 | Orc:1    | Killed an orc warlord
 26776 | Orc:1    | Gained Borgun as an ally
 27113 | Snake:1  | Entered Level 1 of the Snake Pit
 27119 | Snake:1  | Your ally Borgun died
 27320 | Snake:1  | Identified the serpent talisman of Responsibility {rF+ rN+
                  | Str-4}
 27320 | Snake:1  | Noticed Aizul
 27328 | Snake:1  | Gained Geork as an ally
 27331 | Snake:1  | Killed Aizul
 27394 | Snake:1  | Found Boadur's Armour Shoppe.
 27402 | Snake:1  | Found a shimmering altar of Xom.
 27895 | Snake:1  | Found Esatiumm's Jewellery Shop.
 27896 | Snake:1  | Found Zyelap's Book Emporium.
 27897 | Snake:1  | Found Taas's Jewellery Shop.
 27903 | Snake:1  | Bought a ring of protection from fire for 450 gold pieces
 27909 | Snake:1  | Bought the ring of Nemelex Xobeh's Hope {rElec Dex+6} for
                  | 600 gold pieces
 28265 | Snake:1  | Found a runed translucent door.
 28265 | Snake:1  | Found a shimmering altar of Xom.
 28265 | Snake:1  | Noticed dakkaduck's ghost (adept MiBe)
 28265 | Snake:1  | Identified the +10 broad axe of Youthful Indiscretion
                  | {chaos, rPois Int-4 Dex+4 SInv}
 28353 | Snake:1  | Killed dakkaduck's ghost
 28925 | Snake:2  | Gained Bolgrim as an ally
 29087 | Snake:3  | Noticed Nikola
 29094 | Snake:3  | Killed Nikola
 29152 | Snake:3  | Your ally Bolgrim died
 29164 | Snake:3  | Your ally Geork died
 29165 | Snake:3  | Gained Rocco as an ally
 29166 | Snake:3  | Your ally Rocco died
 29171 | Snake:3  | Gained Hilgar as an ally
 29260 | Snake:3  | Noticed a nagaraja
 29269 | Snake:3  | Killed a nagaraja
 29270 | Snake:3  | Reached XP level 16. HP: 140/145 MP: 22/22
 29288 | Snake:3  | Reached skill level 5 in Evocations
 29302 | Snake:3  | Your ally Hilgar died
 29827 | Snake:4  | Entered Level 4 of the Snake Pit
 29827 | Snake:4  | Found Wosy's Magic Scroll Shop.
 29861 | Snake:4  | Bought a scroll of identify for 28 gold pieces
 29861 | Snake:4  | Bought a scroll of revelation for 105 gold pieces
 29861 | Snake:4  | Bought a scroll of revelation for 105 gold pieces
 29861 | Snake:4  | Bought a scroll of teleportation for 42 gold pieces
 30333 | Snake:4  | Noticed a nagaraja
 30334 | Snake:4  | Noticed a nagaraja
 30336 | Snake:4  | Noticed a nagaraja
 30341 | Snake:4  | Noticed a nagaraja
 30343 | Snake:4  | Killed a nagaraja
 30346 | Snake:4  | Killed a nagaraja
 30347 | Snake:4  | Reached skill level 10 in Dodging
 30348 | Snake:4  | Killed a nagaraja
 30350 | Snake:4  | Killed a nagaraja
 30352 | Snake:4  | Killed a nagaraja
 31133 | Swamp:1  | Entered Level 1 of the Swamp
 31492 | Snake:4  | Noticed a nagaraja
 31503 | Snake:4  | Killed a nagaraja
 31637 | Snake:4  | Noticed a nagaraja
 31642 | Snake:4  | Noticed a nagaraja
 31644 | Snake:4  | Killed a nagaraja
 31652 | Snake:4  | Killed a nagaraja
 31653 | Snake:4  | Reached skill level 10 in Invocations
 31662 | Snake:4  | Noticed a nagaraja
 31665 | Snake:4  | Killed a nagaraja
 31764 | Snake:4  | Noticed a nagaraja
 31767 | Snake:4  | Killed a nagaraja
 31776 | Snake:4  | Got a serpentine rune of Zot
 31869 | Snake:4  | Noticed a nagaraja
 31878 | Snake:4  | Killed a nagaraja
 31884 | Snake:4  | Noticed a nagaraja
 31891 | Snake:4  | Killed a nagaraja
 31906 | Snake:4  | Noticed a nagaraja
 31911 | Snake:4  | Killed a nagaraja
 31912 | Snake:4  | Reached XP level 17. HP: 113/154 MP: 24/24
 32068 | Snake:4  | Noticed Agnes
 32072 | Snake:4  | Killed Agnes
 32504 | Swamp:1  | Gained Wargrak as an ally
 32513 | Swamp:1  | Your ally Wargrak died
 32522 | Swamp:1  | Identified the granite talisman of the Eight Boll Weevils
                  | {rC+ Int+4}
 32526 | Swamp:1  | Identified the +1 spear "Qetwos" {elec, rC+ rCorr}
 32714 | Swamp:1  | Noticed Roxanne
 32781 | Swamp:1  | Noticed Frances
 32798 | Swamp:1  | Killed Frances
 33147 | Swamp:1  | Killed Roxanne
 33148 | Swamp:1  | Reached skill level 15 in Fighting
 33602 | Swamp:2  | Gained Learuk as an ally
 33867 | Swamp:2  | Reached skill level 1 in Shapeshifting
 34218 | Swamp:2  | Your ally Learuk died
 34501 | Swamp:3  | Gained Bogbarth as an ally
 34676 | Swamp:3  | Your ally Bogbarth died
 34734 | Swamp:3  | Noticed Bai Suzhen
 34767 | Swamp:3  | Killed Bai Suzhen
 35158 | Swamp:4  | Entered Level 4 of the Swamp
 35251 | Swamp:4  | Reached XP level 18. HP: 163/163 MP: 26/26
 35369 | Swamp:4  | Found an ancient bone altar of Kikubaaqudgha.
 35375 | Swamp:4  | Paralysed by a fenstrider witch for 4 turns
 35401 | Swamp:4  | Got Taxtoez's Essays on the Charnel House
 36256 | Swamp:4  | Got a decaying rune of Zot
 36694 | Vaults:1 | Entered Level 1 of the Vaults
 36855 | Vaults:1 | Found a crumbling gateway.
 36874 | Vaults:1 | Gained Ugbert as an ally
 36885 | Desolati | Entered the Desolation of Salt
 36942 | Desolati | Identified the +0 chain mail of Beogh's Reproof {Str+2
                  | Slay+3 Stlth+}
 36972 | Desolati | Reached skill level 15 in Armour
 37002 | Desolati | Identified the ring of Limitation {rPois rN+ SInv}
 37006 | Desolati | Got the Encyclopedia of Spellbinding and Malignant Secrets
 37072 | Desolati | Identified the +1 pearl dragon scales of Ignis's Envy {rC+
                  | rN+ Int+3}
 37172 | Desolati | Reached skill level 5 in Shapeshifting
 37224 | Desolati | Identified the +6 hand axe of the Six Seers {heavy, rC+
                  | Int+2}
 37354 | Desolati | Got Sif Muna's Volume of Interference
 37402 | Desolati | Got the Folio of the Catacomb and Companions
 37424 | Desolati | Got the Book of Poisonous Graupel
 37427 | Desolati | Identified the ring "Plog" {Fly rPois rC- rCorr Dex+8}
 37449 | Desolati | Reached XP level 19. HP: 145/177 MP: 28/28
 37512 | Desolati | Got the Precepts of Attacks and Transportation
 37725 | Desolati | Gained Morun as an ally
 37730 | Desolati | Identified the +1 war axe of Jiarr {freeze, Str+4}
 38067 | Vaults:1 | Your ally Morun died
 40146 | Vaults:3 | Reached XP level 20. HP: 147/191 MP: 29/29
 40425 | Vaults:3 | Found a staircase to the Crypt.
 41058 | Vaults:4 | Gained Bogric as an ally
 41064 | Vaults:4 | Gained Wardok as an ally
 41285 | Vaults:4 | Reached skill level 10 in Shapeshifting
 42210 | Depths:1 | Entered Level 1 of the Depths
 42227 | Depths:1 | Found a gateway to Hell.
 42373 | Depths:1 | Found a one-way gate leading to the halls of Pandemonium.
 42566 | Depths:1 | Found a runed translucent door.
 42644 | Depths:1 | Found a glowing silver altar of Zin.
 42788 | Depths:2 | Noticed Saint Roka
 42803 | Depths:2 | Your ally Ugbert died
 43001 | Depths:2 | Your ally Bogric died
 43006 | Depths:2 | Noticed a juggernaut
 43009 | Depths:2 | Your ally Saint Roka died
 43013 | Depths:2 | Your ally Ugbert died
 43014 | Depths:2 | Your ally Wardok died
 43017 | Depths:2 | Your ally Hilgar died
 43018 | Depths:2 | Your ally Morun died
 43021 | Depths:2 | Your ally Wargrak died
 43169 | Depths:2 | Killed a juggernaut
 43259 | Depths:1 | Your ally Geork died
 43853 | Depths:2 | Reached XP level 21. HP: 207/207 MP: 30/30
 44022 | Depths:2 | Found a one-way gate to the infinite horrors of the Abyss.
 44167 | Depths:2 | Noticed a caustic shrike
 44175 | Depths:2 | Killed a caustic shrike
 44556 | Depths:3 | Reached XP level 22. HP: 217/217 MP: 31/31
 44590 | Depths:3 | Found a one-way gateway to a ziggurat.
 44898 | Depths:3 | Paralysed by an air elemental for 1 turns
 44904 | Depths:3 | Paralysed by an air elemental for 1 turns
 45098 | Depths:3 | Found the +5 glaive of the Guard {elec, spectral}
 45195 | Depths:3 | Noticed an ancient lich
 45196 | Depths:3 | Noticed Mara
 45197 | Depths:3 | Noticed inmateoo's illusion
 45739 | Depths:4 | Entered Level 4 of the Depths
 47102 | Depths:4 | Noticed a golden dragon
 47113 | Depths:4 | Killed a golden dragon
 47261 | Depths:4 | Found a gate to the Realm of Zot.
 47609 | Elf:1    | Entered Level 1 of the Elven Halls
 47970 | Elf:1    | Found Leoxokki's Jewellery Emporium.
 47970 | Elf:1    | Found Qesu Aje's Magic Scroll Shoppe.
 47980 | Elf:1    | Bought a scroll of enchant weapon for 142 gold pieces
 48455 | Elf:1    | Got Demmif's Octavo of the Flock
 48466 | Elf:1    | Reached XP level 23. HP: 237/237 MP: 32/32
 48768 | Elf:2    | Found a runed translucent gate.
 48768 | Elf:2    | Found a runed translucent gate.
 48768 | Elf:2    | Found a runed translucent gate.
 49469 | Elf:2    | Noticed Louise
 49476 | Elf:2    | Killed Louise
 49632 | Elf:2    | Gained Boruk as an ally
 49646 | Elf:2    | Reached skill level 27 in Fighting
 49900 | Elf:3    | Entered Level 3 of the Elven Halls
 50903 | Vaults:5 | Entered Level 5 of the Vaults
 50963 | Vaults:4 | Your ally Boruk died
 52150 | Vaults:5 | Noticed Xtahua
 52398 | Vaults:5 | Killed Xtahua
 52641 | Vaults:5 | Identified the +11 flail of Extermination {elec, rElec
                  | rPois rF- Dex+5}
 53124 | Vaults:5 | Got Bapi's Tome of Terrain
 53128 | Vaults:5 | Reached XP level 24. HP: 249/249 MP: 32/32
 53225 | Vaults:5 | Gained Jorge as an ally
 53276 | Vaults:5 | Noticed a dread lich
 53288 | Vaults:5 | Killed a dread lich
 53307 | Vaults:5 | Gained Bogfrid as an ally
 53858 | Vaults:5 | Identified the +3 demon blade of the Omega Point {flame,
                  | rPois rN+} (You took it off an orc on level 5 of the
                  | Vaults)
 53858 | Vaults:5 | Identified the +2 robe of the Carpenter {Regen+ rCorr
                  | Dex+4} (You took it off an orc priest on level 5 of the
                  | Vaults)
 53870 | Vaults:5 | Identified the ring of Roekof {rF- rN+ Will+ rCorr MP-9
                  | SInv} (You took it off an orc on level 5 of the Vaults)
 53877 | Vaults:5 | Got a silver rune of Zot
 53917 | Vaults:5 | Identified the +6 rapier of Descent {heavy, rElec rF+
                  | Dex+3}
 54761 | Zot:1    | Entered Level 1 of the Realm of Zot
 55186 | Zot:1    | Reached skill level 27 in Axes
 55798 | Zot:1    | Noticed an orb of fire
 55815 | Zot:1    | Killed an orb of fire
 56094 | Zot:1    | Identified the dragon-blood talisman "Ydobbel" {Will+
                  | Stlth+}
 56700 | Zot:2    | Identified the +0 leather armour of Civyezap {+Blink rF-
                  | rN++ Str+2}
 56861 | Zot:2    | Noticed a curse toe
 56886 | Zot:2    | Killed a curse toe
 57645 | Zot:2    | Noticed a Killer Klown
 57671 | Zot:2    | Killed a Killer Klown
 58137 | Zot:2    | Noticed an orb of fire
 58144 | Zot:2    | Gained mutation: You have large cloven feet. [an orb of
                  | fire]
 58158 | Zot:2    | Killed an orb of fire
 58998 | Zot:2    | Reached XP level 25. HP: 233/257 MP: 32/32
 59044 | Zot:2    | Gained Arkwar as an ally
 59147 | Zot:3    | Your ally Arkwar died
 59993 | Zot:3    | Reached skill level 15 in Dodging
 60962 | Zot:3    | Upgraded the game from 0.31.0-9-g3a7656b989 to
                  | 0.31.0-10-gcf4a605ca0
 61445 | Zot:3    | Identified the ring "Tazedug" {rN+++ EV+5 Str+7 Int-3}
 61563 | Zot:3    | Noticed a dread lich
 61564 | Zot:3    | Noticed a dread lich
 61893 | Zot:3    | Killed a dread lich
 61991 | Zot:3    | Found a candlelit altar of Ignis.
 62346 | Zot:4    | Gained Horkud as an ally
 62346 | Zot:4    | Gained Oreg as an ally
 63277 | Zot:4    | Reached XP level 26. HP: 252/266 MP: 32/32
 63421 | Zot:5    | Entered Level 5 of the Realm of Zot
 63443 | Zot:5    | Gained Bladwarg as an ally
 63571 | Zot:5    | Your ally Bladwarg died
 64106 | Zot:5    | Noticed an orb of fire
 64109 | Zot:5    | Gained mutation: You possess an exceptional clarity of
                  | mind. [an orb of fire]
 64112 | Zot:5    | Gained mutation: You are clumsy. (Dex -2) [an orb of fire]
 64126 | Zot:5    | Killed an orb of fire
 64127 | Zot:5    | Noticed an orb of fire
 64127 | Zot:5    | Noticed an orb of fire
 64146 | Zot:5    | Killed an orb of fire
 64148 | Zot:5    | Noticed an orb of fire
 64169 | Zot:5    | Killed an orb of fire
 64182 | Zot:5    | Noticed an ancient lich
 64185 | Zot:5    | Killed an ancient lich
 64187 | Zot:5    | Gained mutation: You occasionally lose the ability to drink
                  | potions when taking damage. [an orb of fire]
 64191 | Zot:5    | Killed an orb of fire
 64212 | Zot:5    | Noticed a dread lich
 64220 | Zot:5    | Killed a dread lich
 64221 | Zot:5    | Noticed a Killer Klown
 64226 | Zot:5    | Killed a Killer Klown
 64297 | Zot:5    | Lost mutation: You have large cloven feet. [potion of
                  | mutation]
 64297 | Zot:5    | Lost mutation: You are clumsy. (Dex -2) [potion of
                  | mutation]
 64297 | Zot:5    | Gained mutation: You have very sharp teeth. [potion of
                  | mutation]
 64297 | Zot:5    | Gained mutation: Your natural rate of healing is unusually
                  | fast. [potion of mutation]
 64298 | Zot:5    | Lost mutation: You have very sharp teeth. [potion of
                  | mutation]
 64298 | Zot:5    | Lost mutation: You possess an exceptional clarity of mind.
                  | [potion of mutation]
 64298 | Zot:5    | Lost mutation: Your natural rate of healing is unusually
                  | fast. [potion of mutation]
 64298 | Zot:5    | Gained mutation: You have a somewhat thin skeletal
                  | structure. (Dex +2, Stealth+) [potion of mutation]
 64298 | Zot:5    | Gained mutation: Your system is resistant to poisons.
                  | (rPois) [potion of mutation]
 64298 | Zot:5    | Gained mutation: You are strong-willed. (Will+) [potion of
                  | mutation]
 64299 | Zot:5    | Lost mutation: You have a somewhat thin skeletal structure.
                  | (Dex +2, Stealth+) [potion of mutation]
 64299 | Zot:5    | Lost mutation: You occasionally lose the ability to drink
                  | potions when taking damage. [potion of mutation]
 64299 | Zot:5    | Lost mutation: You are strong-willed. (Will+) [potion of
                  | mutation]
 64299 | Zot:5    | Gained mutation: You are agile. (Dex +4, Str/Int -1)
                  | [potion of mutation]
 64299 | Zot:5    | Gained mutation: You are robust. (+10% HP) [potion of
                  | mutation]
 64299 | Zot:5    | Gained mutation: You expend magic power (3 MP) to
                  | strengthen your wands. [potion of mutation]
 64350 | Zot:5    | Noticed a dread lich
 64363 | Zot:5    | Killed a dread lich
 64372 | Zot:5    | Noticed an ancient lich
 64396 | Zot:5    | Killed an ancient lich
 64498 | Zot:5    | Noticed an ancient lich
 64508 | Zot:5    | Killed an ancient lich
 64686 | Zot:5    | Noticed an ancient lich
 64690 | Zot:5    | Killed an ancient lich
 64700 | Zot:5    | Noticed a Killer Klown
 64713 | Zot:5    | Killed a Killer Klown
 64857 | Zot:5    | Noticed an ancient lich
 64885 | Zot:5    | Killed an ancient lich
 65325 | Zot:5    | Gained Bogbarth as an ally
 65328 | Zot:5    | Your ally Bogbarth died
 65340 | Zot:5    | Gained Spirok as an ally
 65755 | Zot:5    | Got the Orb of Zot
 65880 | Zot:2    | Your ally Jorge died
 65900 | Zot:2    | Noticed Zeexkoosch the pandemonium lord
 65905 | Zot:2    | Your ally Geork died
 65907 | Zot:2    | Killed Zeexkoosch the pandemonium lord
 65998 | Depths:4 | Your ally Oreg died
 65999 | Depths:4 | Your ally Bogfrid died
 66220 | D:14     | Noticed Qeokuopi the pandemonium lord
 66226 | D:14     | Your ally Spirok died
 66236 | D:14     | Your ally Horkud died
 66541 | D:$      | Escaped with the Orb!

Illustrated notes

Levels and vault maps discovered:
D:1:      amcnicky_arrival_flooded_fountain, layout_basic
D:2:      cheibrodos_pilgrimage, layout_basic, serial_shops,
          nicolae_shop_industrial_runoff
D:3:      kb_forest_paths, layout_basic, mainiacjoe_overflow_brackets,
          gammafunk_temple_overflow_claw, hellmonk_ecumenical_altar_blasted,
          minmay_increasing_density
D:4:      layout_cave_pods, temple_pool_b, serial_shops, shop,
          nicolae_shop_dealshenge, minmay_misc_feat_rows,
          hangedman_decor_slide_cut, amethyst_killhole, minmay_close_crescents
D:5:      minmay_recursive_quarters, layout_loops_cross, kennysheep_another_room
D:6:      layout_rooms, mainiacjoe_overflow_24_doors, kennysheep_generic_room_3
D:7:      layout_loops_ring, makhleb_grotto_becter, minmay_lizard_king,
          uniq_crazy_yiuf_cottage
D:8:      layout_basic, jmf_multi_god_temple, hellmonk_lair_entry_icy,
          serial_shops, shop
D:9:      layout_cave_pods, serial_shops, nicolae_shop_gibbet_a_chance
D:10:     layout_loops_ring, minmay_orc_entry_guard_dogs, uniq_fannar,
          uniq_sonja
D:11:     layout_basic, uniq_erolcha
D:12:     layout_loops_corners, special_room [special_room_orc]
D:13:     layout_basic, gammafunk_ghost_cemetery, serial_undead,
          serial_undead_c, serial_undead_e, serial_undead_a, serial_undead_c,
          uniq_nessos
D:14:     layout_basic, erik_vaults_1, chequers_serial_rivers_small_b,
          nrook_mini_vaults, grunt_potential
D:15:     hangedman_depths_entry_civil_slaughter, layout_basic,
          evilmike_butchery
Lair:1:   layout_gridlike, grunt_megastairs_3, infiniplex_staircase_pool_2,
          lemuel_fruit_fields
Lair:2:   layout_loops_ring, palyth_hydra_swamp_entry, kilobyte_rumbling_trees
Lair:3:   lemuel_ratsnest, layout_regular_city, nicolae_snake_entry_squirm
Lair:4:   layout_misc_corridors, dpeg_slime_entry_corner, serial_bayou_pond_d,
          infiniplex_staircase_pool, serial_bayou_shore_a
Lair:5:   gammafunk_lair_ancient_temple, layout_gridlike
Swamp:1:  tekkud_swamp_unearthing_site, layout_falls_marsh,
          evilmike_swamp_ruin_house_2, evilmike_swamp_ruin_house_5,
          uniq_roxanne, uniq_frances
Swamp:2:  layout_basic_swamp, nicolae_swamp_trees_clearing,
          nicolae_swamp_spriggan_camp
Swamp:3:  layout_falls_marsh, evilmike_swamp_ruin_rubble_1, uniq_bai_suzhen
Swamp:4:  swamp_alternative, layout_basic_swamp, swamp_pool_5,
          beargit_kiku_chapel
Snake:1:  layout_chambers, ebering_ghost_xom, basic_altar, serial_shops,
          nicolae_shop_just_a_little_nook, serial_bayou_pond_e,
          dpeg_stationary_puzzle, minmay_shop_grove, uniq_aizul
Snake:2:  layout_rooms
Snake:3:  nicolae_snake_unarmed_stairs_patrol, layout_grid_shapes,
          nicolae_snake_lava_pool, uniq_nikola
Snake:4:  grunt_snake_rune_spirals, layout_onion_interference, serial_shops,
          shop, uniq_agnes
Orc:1:    layout_diamond_mine, basic_altar, enter_volcano_1, serial_shops, shop,
          nicolae_orc_minecarts
Orc:2:    grunt_orc_gardens, layout_diamond_mine, grunt_orc_garden,
          grunt_orc_garden, grunt_orc_garden, grunt_orc_garden
Elf:1:    minmay_elf_arrival_summoners, layout_gridlike, minmay_elf_demonology,
          minmay_shoptagon
Elf:2:    elven_hall_of_blades_hangedman_original
          [nicolae_blade_entry_antechamber], layout_loops_ring,
          patterned_corridor, uniq_louise
Elf:3:    minmay_elf_hall_quartered_circle, layout_geoelf_castle,
          guppyfry_elf_garden
Vaults:1: portal_desolation_entry_salt, nicolae_vaults_puzzle_piece,
          nicolae_vaults_variable_pillar_hall_cross, nicolae_vaults_alarming,
          v_misc_17, nicolae_vaults_what_the_h,
          nicolae_vaults_closet_pinwheel_4, nicolae_vaults_meiosis,
          nicolae_vaults_shipping_containers_3, layout_vaults_maze
Vaults:2: nicolae_vaults_diamond_1, vaults_mumra_lcd,
          nicolae_vaults_security_offices_3, grunt_vaults_hallway_short,
          nicolae_vaults_sesquioval_fish, nicolae_vaults_apartment_1,
          nicolae_vaults_trapezoid_2, nicolae_vaults_little_squares_1,
          layout_vaults_quadrants
Vaults:3: vaults_room_large_hall, nicolae_vaults_little_squares_5, v_rooms_4,
          st_lines, blue_anna_dwarven_crypt, nicolae_vaults_little_squares_5,
          v_misc_30, vaults_standard_mumra_x, nicolae_vaults_shelves_hall,
          nicolae_vaults_theta, ontoclasm_vaults_eye, layout_vaults_big_room
Vaults:4: nicolae_vaults_specimen_jars, hangedman_vaults_cutoff,
          nicolae_vaults_closet_pinwheel_2, ontoclasm_vaults_decontamination,
          v_misc_29, ontoclasm_vaults_pinch, nicolae_vaults_sesquioval_fish,
          vaults_mumra_minichess, nicolae_vaults_trapezoid_3,
          nicolae_vaults_sesquioval_fish, vaults_room_hallway,
          layout_vaults_omnicross
Vaults:5: uniq_xtahua
Depths:1: layout_cave_pools, rand_demon_pan_entry_3, zin_angel, hell_entry,
          trove_entry_hex_spiral, minmay_misc_feat_four_crosses,
          minmay_crystal_box
Depths:2: minmay_central_circle, layout_long_grid, abyss_entry,
          grunt_pan_entry_zigzag, hangedman_decor_opposing, hell_entry,
          uniq_saint_roka
Depths:3: constructs_gauntlet_mu_hangedman, layout_small_grid, enter_ziggurat_b,
          pf_hell_entry_tar_river, nicolae_concentric_dashed_squares_wild,
          abyss_entry, firewood_loft, uniq_mara
Depths:4: evilmike_zot_entry_hall, layout_cave_shapes, hell_entry,
          amcnicky_mini_pool_small, lightli_fourway_metalbox
Zot:1:    layout_misc_corridors
Zot:2:    grunt_zot_stairs_mandelzot, layout_concentric_octagons,
          regret_index_zotdec_onion_hex
Zot:3:    regret_index_infernal_bastille, layout_misc_corridors,
          regret_index_zotdec_glowing_original, guppyfry_library_mini
Zot:4:    layout_onion_interference, zot_minivault_2
Zot:5:    layout_misc_corridors, regret_index_zotdec_carving_tricks

Skill      XL: |  1  2  3  4  5  6  7  8  9 10 11 12 13 14 15 16 17 18 19 20 21 22 23 24 25 26 |
---------------+-------------------------------------------------------------------------------+-----
Axes           | 1 2 3 4 5 6 8 10 12 14 16 17 18 19 21 22 25 27 | 27.0
Dodging        | 1 2 3 4 5 6 7 8 9 10 11 14 17 20 | 20.7
Armour         | 1 2 3 4 6 7 8 9 10 11 12 13 14 15 16 | 16.0
Fighting       | 3 4 5 6 7 8 9 10 11 12 13 14 15 17 19 22 26 27 | 27.0
Shields        | 1 2 3 4 5 6 8 9 10 11 12 13 14 | 14.0
Invocations    | 4 6 8 10 11 12 | 12.0
Evocations     | 2 4 5 |  5.0
Shapeshifting  | 2 5 9 11 | 11.0
Short Blades   | |  2.0
Throwing       | |  1.7
Stealth        | |  3.2

Action                     |  1- 3 |  4- 6 |  7- 9 | 10-12 | 13-15 | 16-18 | 19-21 | 22-24 | 25-27 || total
---------------------------+-------+-------+-------+-------+-------+-------+-------+-------+-------++-------
  Melee: Dagger            |   132 |    37 |       |       |       |       |       |       |       ||   169
         Punch             |     1 |       |       |       |       |       |       |       |       ||     1
         Hand axe          |       |   109 |       |       |       |       |       |       |       ||   109
         War axe           |       |   101 |   258 |   657 |   889 |       |       |       |       ||  1905
         Unarmed           |       |       |       |       |     4 |       |       |       |       ||     4
         Broad axe         |       |       |       |       |    81 |   985 |   681 |  1285 |   866 ||  3898
  Throw: Dart              |       |     5 |     3 |       |       |       |       |       |       ||     8
 Invoke: Convert to Beogh  |     1 |       |       |       |       |       |       |       |       ||     1
         Recall Orcish Fol |       |       |       |       |    14 |     4 |    10 |    11 |     6 ||    45
         Give Item to Name |       |       |       |       |     2 |     1 |     3 |     3 |       ||     9
         Resurrection      |       |       |       |       |     1 |     1 |     3 |       |       ||     5
         Smiting           |       |       |       |       |       |       |       |       |     2 ||     2
  Evoke: Wand              |       |       |       |     1 |    11 |       |       |     1 |     5 ||    18
         Box of beasts     |       |       |       |       |     1 |       |       |       |       ||     1
         Condenser vane    |       |       |       |       |       |       |       |     1 |       ||     1
    Use: Scroll            |       |    16 |     2 |     5 |     7 |     5 |     8 |    14 |     4 ||    61
         Potion            |       |     1 |     1 |       |     3 |     3 |     1 |    13 |    15 ||    37
   Stab: Sleeping          |    10 |       |       |       |       |       |       |       |       ||    10
         Confused          |       |     1 |       |       |     1 |    18 |     7 |    30 |    17 ||    74
         Distracted        |       |       |       |     6 |    11 |     5 |    13 |    15 |     7 ||    57
         Paralysed         |       |       |       |     2 |     3 |     5 |     4 |    13 |     8 ||    35
         Petrified         |       |       |       |       |     4 |    11 |     3 |     4 |       ||    22
         Petrifying        |       |       |       |       |       |    14 |     2 |     9 |     3 ||    28
         Betrayed ally     |       |       |       |       |       |     1 |       |       |       ||     1
         Held in net/web   |       |       |       |       |       |     2 |       |       |       ||     2
         Invisible         |       |       |       |       |       |       |       |     7 |       ||     7
 Armour: Robe              |    60 |       |       |       |       |       |       |       |       ||    60
         Leather armour    |    12 |    19 |       |       |       |       |       |       |       ||    31
         Ring mail         |       |   121 |       |       |    61 |       |       |       |       ||   182
         Plate armour      |       |    64 |   226 |   428 |   590 |   842 |   370 |   987 |   527 ||  4034
         Skin              |       |       |     4 |       |    14 |       |       |       |       ||    18
  Dodge: Dodged            |    76 |   103 |    35 |   115 |   239 |   377 |   199 |   556 |   495 ||  2195
  Block: Kite shield       |       |    73 |   210 |   464 |   737 |   930 |   540 |  1085 |   470 ||  4509
